 Dungeon Crawl Stone Soup version 0.29-a0-23-ga79f92ac9c (webtiles) character file.

Game seed: 15612224505889658365

1190 southernslant the Covered (level 8, -6/49 HPs)
             Began as a Gargoyle Fighter on Jan 30, 2022.
             Mangled by Prince Ribbit (8 damage)
             ... on level 5 of the Dungeon.
             The game lasted 00:18:55 (6123 turns).

southernslant the Covered (Gargoyle Fighter)        Turns: 6123, Time: 00:18:56

Health: -6/49      AC: 15    Str: 23    XL:     8   Next: 43%
Magic:  8/8        EV: 14    Int:  8    God:
Gold:   198        SH:  4    Dex:  9    Spells: 6/7 levels left

rFire   . . .      SeeInvis .   a - +0 trident
rCold   . . .      Faith    .   c - +0 buckler
rNeg    + . .      Spirit   .   b - +0 scale mail
rPois   ∞          Reflect  .   t - +0 helmet
rElec   +          Harm     .   (no cloak)
rCorr   .          Rampage  .   e - +0 pair of gloves
Will    .....                   (no boots)
Stlth   ..........              (no amulet)
HPRegen 0.16/turn               i - ring of wizardry
MPRegen 0.11/turn               d - +4 ring of evasion

@: no status effects
A: sickness immunity, AC +5, negative energy resistance 1, electricity
resistance, torment resistance 1, petrification resistance
a: no special abilities


You were on level 5 of the Dungeon.
You visited 1 branch of the dungeon, and saw 5 of its levels.

You collected 198 gold pieces.

Inventory:

Hand Weapons
 a - a +0 trident (weapon)
 v - a +4 hand axe
Missiles
 j - 168 stones
 m - 6 poisoned darts (quivered)
 o - 2 boomerangs
Armour
 b - a +0 scale mail (worn)
 c - a +0 buckler (worn)
 e - a +0 pair of gloves (worn)
 t - a +0 helmet (worn)
Jewellery
 d - a +4 ring of evasion (right hand)
 i - a ring of wizardry (left hand)
 k - a ring of willpower
Scrolls
 g - a scroll of summoning {unknown}
 h - 5 scrolls of identify
 l - 2 scrolls of enchant armour {unknown}
 n - a scroll of amnesia {unknown}
 p - a scroll of silence {unknown}
 r - 3 scrolls of noise
 s - a scroll of magic mapping {unknown}
 w - a scroll of vulnerability {unknown}
Potions
 f - a potion of resistance {unknown}
 q - a potion of haste {unknown}
 u - a potion of flight {unknown}
 x - a potion of mutation {unknown}


   Skills:
 + Level 5.1 Fighting
 * Level 4.9 Polearms
 * Level 0.6 Throwing
 + Level 5.1 Armour
 * Level 4.0 Dodging
 + Level 1.9 Stealth
 + Level 5.0 Shields
 + Level 0.1 Spellcasting


You had 6 spell levels left.
You knew the following spells:

 Your Spells              Type           Power      Damage    Failure   Level
a - Sting                 Tmut/Pois      0%         1d3       45%         1

Your spell library contained the following spells:

 Spells                   Type           Power      Damage    Failure   Level
 Poisonous Vapours        Pois/Air       0%         N/A       58%         2
 Olgreb's Toxic Radiance  Pois           0%         N/A       99%         4


Dungeon Overview and Level Annotations

Branches:
Dungeon (5/15)
 Temple: D:4-7

Altars:
Ashenzari
Fedhas
Kikubaaqudgha
Okawaru
Qazlal
Trog
Wu Jian

Annotations:
D:5 Prince Ribbit


Innate Abilities, Weirdness & Mutations

You are immune to sickness and miasma.
Your stone body is resilient. (AC +5)
You are immune to poison.
You resist negative energy. (rN+)
You are resistant to electric shocks. (rElec)
You are resistant to unholy torment.
You are immune to petrification.


Message History

You hit the orc warrior but do no damage.
The orc warrior is heavily wounded.
The orc warrior hits you with a +0 war axe.
You closely miss the orc warrior.
The orc warrior is heavily wounded.
The orc warrior misses you.
You barely miss the orc warrior.
The orc warrior is heavily wounded.
The orc warrior hits you with a +0 war axe.
The orc warrior closely misses you.
You hit the orc warrior.
The orc warrior is heavily wounded.
The orc warrior hits you with a +0 war axe.
You barely miss the orc warrior.
The orc warrior is heavily wounded.
The orc warrior hits you with a +0 war axe!
* * * LOW HITPOINT WARNING * * *
The orc warrior hits you but does no damage.
The orc warrior hits you with a +0 war axe!
* * * LOW HITPOINT WARNING * * *
Prince Ribbit comes into view.
Prince Ribbit hops awkwardly around.
Prince Ribbit barely misses you.
Prince Ribbit blinks!
Found a scroll of identify and 14 gold pieces.
Prince Ribbit blinks!
Prince Ribbit blinks!
You see here a scroll of identify.
Prince Ribbit closely misses you.
You see here 14 gold pieces.
Prince Ribbit says, "You're just another fly to me."
Prince Ribbit croaks regally.
Prince Ribbit hits you but does no damage.
Found 20 gold pieces.
Prince Ribbit hits you but does no damage.
Prince Ribbit hops awkwardly around.
Prince Ribbit hits you.
* * * LOW HITPOINT WARNING * * *
Prince Ribbit hits you!
You die...

#.#.......##.### #.
#.#.###........ #.
###.# ##....### #.
#)# ###### #. #.# #.
#.########### #.
#...##.......
###.#######.##.###...
#.$.@Fo.o...##.###.##
#.#.######.........#
#. ##.##$###### #.
#.##?# #. #. #.##.#
#. #. #.##o#####. #.
#.##...o... #.
#..........
##########.


You could see Prince Ribbit, an orc warrior and an orc.

Vanquished Creatures
  3 yaks
  An ice beast (D:5)
  2 ogres
  2 howler monkeys
  A jelly (D:5)
  A bullfrog skeleton (D:5)
  3 iguanas
  Natasha (thrice) (D:3)
  3 orc wizards
  4 adders
  An ufetubus (D:5)
  An adder skeleton (D:3)
  A worm (D:2)
  A dart slug (D:1)
  18 orcs
  10 ball pythons
  6 bats
  11 endoplasms
  6 giant cockroaches
  5 goblins
  11 hobgoblins
  5 kobolds
  5 quokkas
  4 frilled lizards
  6 rats
114 creatures vanquished.

Vanquished Creatures (others)
  12 plants
12 creatures vanquished.

Grand Total: 126 creatures vanquished

Notes
Turn   | Place    | Note
-------+----------+-------------------------------------------
     0 | D:1      | southernslant the Gargoyle Fighter began the quest for the
                  | Orb.
     0 | D:1      | Reached XP level 1. HP: 14/14 MP: 1/1
   258 | D:1      | Reached XP level 2. HP: 18/19 MP: 2/2
   372 | D:1      | Upgraded the game from 0.29-a0-22-gbf593b16ee to
                  | 0.29-a0-23-ga79f92ac9c
   648 | D:1      | Reached XP level 3. HP: 21/23 MP: 3/3
   774 | D:1      | Found a faded altar of an unknown god.
  1146 | D:1      | Reached skill level 1 in Dodging
  1399 | D:2      | Found an ancient bone altar of Kikubaaqudgha.
  1542 | D:2      | Reached XP level 4. HP: 27/29 MP: 4/4
  2156 | D:3      | Noticed Natasha
  2163 | D:3      | Killed Natasha
  2316 | D:3      | Reached XP level 5. HP: 31/33 MP: 5/5
  2569 | D:3      | Noticed Natasha
  2578 | D:3      | Killed Natasha
  3218 | D:3      | Noticed Natasha
  3251 | D:3      | Killed Natasha
  3252 | D:3      | Reached XP level 6. HP: 38/38 MP: 6/6
  4036 | D:4      | Found a broken altar of Ashenzari.
  4254 | D:4      | Found an ornate altar of the Wu Jian Council.
  4254 | D:4      | Found a blossoming altar of Fedhas.
  4337 | D:3      | Reached XP level 7. HP: 12/44 MP: 7/7
  5055 | D:4      | Found an iron altar of Okawaru.
  5061 | D:4      | Found a stormy altar of Qazlal.
  5066 | D:4      | Found a bloodstained altar of Trog.
  5162 | D:5      | Entered Level 5 of the Dungeon
  5279 | D:5      | Noticed a yak
  5280 | D:5      | Noticed a yak
  5282 | D:5      | Noticed a yak
  5439 | D:3      | Killed a yak
  5440 | D:3      | Reached skill level 1 in Stealth
  5628 | D:5      | Killed a yak
  5629 | D:5      | Reached XP level 8. HP: 41/48 MP: 8/8
  5634 | D:5      | Killed a yak
  5635 | D:5      | Reached skill level 5 in Fighting
  5635 | D:5      | Reached skill level 5 in Armour
  5635 | D:5      | Reached skill level 5 in Shields
  5979 | D:5      | Learned a level 1 spell: Sting
  6098 | D:5      | Noticed Prince Ribbit
  6121 | D:5      | HP: 1/49 [Prince Ribbit (6)]
  6123 | D:5      | Mangled by Prince Ribbit

Illustrated notes

Levels and vault maps discovered:
D:1:      dpeg_arrival_morbid_curiosity, layout_basic,
          dreamdust_ecumenical_altar_hidden_monk_grotto,
          minmay_indecisive_spiral
D:2:      layout_loops_ring, basic_altar, serial_bayou_ford_a
D:3:      layout_loops_cross, chequers_serial_rivers_small_3,
          kennysheep_cross_bottleneck, chequers_big_river,
          minmay_curled_crystal, uniq_natasha
D:4:      layout_loops_ring, mainiacjoe_overflow_paths,
          gammafunk_temple_overflow_wave, minmay_overflow_temple_star_quad
D:5:      layout_loops_ring, serial_park_tiny_1, grunt_ministairs_4, uniq_ijyb,
          uniq_prince_ribbit1

Skill      XL: |  1  2  3  4  5  6  7  8 |
---------------+-------------------------+-----
Polearms       | 2 3 4 |  4.9
Dodging        | 1 2 3 4 |  4.0
Armour         | 4 5 |  5.1
Fighting       | 4 5 |  5.1
Shields        | 4 5 |  5.0
Stealth        | 1 |  1.9
Throwing       | |  0.6
Spellcasting   | |  0.1

Action                   |  1- 3 |  4- 6 |  7- 9 || total
-------------------------+-------+-------+-------++-------
Melee: Trident           |   129 |   283 |   123 ||   535
Throw: Dart              |       |     9 |     4 ||    13
  Use: Potion            |       |     1 |     2 ||     3
       Scroll            |       |       |     2 ||     2
Armor: Scale mail        |    43 |   100 |    40 ||   183
Dodge: Dodged            |    41 |    99 |    46 ||   186
Block: Buckler           |    17 |    39 |    25 ||    81

Table legend: (Time is in decaauts)
 A = Elapsed time spent in this place.
 B = Non-inter-level travel time spent in this place.
 C = Inter-level travel time spent in this place.
 D = Time resting spent in this place.
 E = Time spent auto-exploring this place.
 F = Levels seen in this place.
 G = Mean time per level.
                   A        B        C        D        E       F      G
               +--------+--------+--------+--------+--------+-----+--------+
         Total |   6274 |   6098 |    176 |    218 |   4575 |   5 | 1254.8 |
       Dungeon |   6274 |   6098 |    176 |    218 |   4575 |   5 | 1254.8 |
               +--------+--------+--------+--------+--------+-----+--------+

Top non-repeatable levels by time:
     D:4: 1762 daAuts
     D:3: 1739 daAuts
     D:1: 1372 daAuts
     D:2: 829 daAuts
     D:5: 570 daAuts
